 Dungeon Crawl Stone Soup version 0.29-a0-275-g389c0b56f3 (webtiles) character file.

Game seed: 14294231068614268389

19002 sanka the Martial Artist (level 12, -3/97 HPs)
             Began as a Gnoll Monk on Mar 10, 2022.
             Was an Elder of Cheibriados.
             Slain by an orc knight
             ... wielding a +0 great sword
              (13 damage)
             ... on level 11 of the Dungeon.
             The game lasted 00:30:05 (14993 turns).

sanka the Martial Artist (Gnoll Monk)              Turns: 14993, Time: 00:30:06

Health: -3/97      AC: 29    Str: 19 (20) XL:     12   Next: 64%
Magic:  23/23      EV: 14    Int: 23      God:    Cheibriados [****..]
Gold:   932        SH:  0    Dex: 26 (28) Spells: 21/26 levels left

rFire   . . .      SeeInvis .   b - +11 hunting sling "Qoeth" {venom, rPois}
rCold   . . .      Faith    +   (no shield)
rNeg    . . .      Spirit   .   a - +11 chain mail of the Unseen Realm {rElec Dex+4}
rPois   +          Reflect  .   n - +0 helmet
rElec   +          Harm     .   N - +2 cloak
rCorr   .          Rampage  .   R - +0 pair of gloves of the Apprentice {rPois}
Will    .....                   Q - +0 pair of boots
Stlth   ++........              f - amulet of faith
HPRegen 0.26/turn               H - ring of wizardry
MPRegen 0.18/turn               (no ring)

@: very slow
A: fangs 1, strong nose, distributed training
a: Renounce Religion, Bend Time, Temporal Distortion, Slouch


You were on level 11 of the Dungeon.
You worshipped Cheibriados.
Cheibriados was greatly pleased with you.
You visited 2 branches of the dungeon, and saw 12 of its levels.
You also visited: Sewer and Bailey.

You collected 1487 gold pieces.
You spent 555 gold pieces at shops.


Innate Abilities, Weirdness & Mutations

You have very sharp teeth.
Your uncanny sense of smell can sniff out nearby items.
Your experience applies equally to all skills.


   Skills:
 + Level 10.0 Fighting
 + Level 7.5 Short Blades
 + Level 7.5 Long Blades
 + Level 7.5 Axes
 + Level 7.5 Maces & Flails
 + Level 7.5 Polearms
 + Level 7.5 Staves
 + Level 7.5 Slings
 + Level 7.5 Bows
 + Level 7.5 Crossbows
 + Level 7.5 Throwing
 + Level 7.5 Armour
 + Level 10.0 Dodging
 + Level 8.6 Stealth
 + Level 7.5 Shields
 + Level 10.0 Unarmed Combat
 + Level 7.5 Spellcasting
 + Level 6.2 Conjurations
 + Level 6.2 Hexes
 + Level 6.2 Summonings
 + Level 6.2 Necromancy
 + Level 6.2 Translocations
 + Level 6.2 Transmutations
 + Level 6.2 Fire Magic
 + Level 6.2 Ice Magic
 + Level 6.2 Air Magic
 + Level 6.2 Earth Magic
 + Level 6.2 Poison Magic
 + Level 8.2 Invocations
 + Level 7.5 Evocations


You had 21 spell levels left.
You knew the following spells:

 Your Spells              Type           Power      Damage    Failure   Level
b - Blink                 Tloc           74%        N/A       3%          2
c - Mephitic Cloud        Conj/Pois/Air  37%        N/A       6%          3

Your spell library contained the following spells:

 Spells                   Type           Power      Damage    Failure   Level
 Magic Dart               Conj           100%       1d8       1%          1
 Summon Small Mammal      Summ           100%       N/A       1%          1
 Call Imp                 Summ           37%        N/A       3%          2
 Ensorcelled Hibernation  Hex/Ice        74%        N/A       3%          2
 Call Canine Familiar     Summ           37%        N/A       6%          3
 Spider Form              Tmut/Pois      37%        N/A       6%          3
 Summon Guardian Golem    Hex/Summ       37%        N/A       6%          3
 Anguish                  Hex/Necr       18%        N/A       21%         4
 Manifold Assault         Tloc           37%        N/A       45%         5
 Storm Form               Tmut/Air       18%        N/A       100%        7

Inventory:

Hand Weapons
 b - the +11 hunting sling "Qoeth" (weapon) {venom, rPois} Any ammunition fired from it poisons the flesh of those it strikes. rPois: It protects you from poison.
 T - the +9 long sword "Fifol" {freeze, rF++ Str-4}

   It freezes those it strikes, dealing additional cold damage.
   It can also slow down cold-blooded creatures.
   Str:       It affects your strength (-4).
   rF:        It greatly protects you from fire.
Missiles
 l - 22 poisoned darts
 P - 2 throwing nets {=f}
Armour
 a - the +11 chain mail of the Unseen Realm (worn) {rElec Dex+4}

   Dex:       It affects your dexterity (+4).
   rElec:     It insulates you from electricity.
 n - a +0 helmet (worn)
 N - a +2 cloak (worn)
 Q - a +0 pair of boots (worn)
 R - the +0 pair of gloves of the Apprentice (worn) {rPois} rPois: It protects you from poison.
Magical Staves
 i - a staff of cold
 F - a staff of air
 X - a staff of fire
Jewellery
 f - an amulet of faith (around neck)
 m - an amulet of the acrobat
 H - a ring of wizardry (left hand)
 J - an amulet of regeneration
 M - a ring of magical power
Wands
 g - a wand of iceblast (9)
 A - a wand of polymorph (14)
 G - a wand of paralysis (8)
 K - a wand of flame (20)
 S - a wand of mindburst (1)
Scrolls
 c - a scroll of teleportation {@r4}
 e - 5 scrolls of enchant weapon
 k - 2 scrolls of blinking
 p - 6 scrolls of enchant armour
 r - a scroll of brand weapon
 u - 2 scrolls of fog
 x - 3 scrolls of immolation {!r}
 y - 4 scrolls of fear
 z - 3 scrolls of vulnerability {!r}
 C - 5 scrolls of summoning
 I - a scroll of acquirement
 Y - a scroll of magic mapping
Potions
 d - a potion of resistance {unknown}
 h - a potion of mutation {unknown}
 j - 4 potions of curing {@q1}
 o - 2 potions of cancellation {unknown}
 q - 3 potions of might {unknown}
 s - 2 potions of flight {unknown}
 t - 2 potions of magic {unknown}
 v - 2 potions of lignification {unknown}
 w - 4 potions of degeneration {!q}
 B - 3 potions of heal wounds {@q2}
 D - 2 potions of experience {unknown}
 E - 2 potions of berserk rage {unknown}
 L - 2 potions of brilliance {unknown}
 O - 3 potions of invisibility {unknown}
Miscellaneous
 U - a condenser vane
 V - a phantom mirror
 W - a tin of tremorstones (2/2)

Dungeon Overview and Level Annotations

Branches:
Dungeon (11/15)            Temple (1/1) D:5            Lair (0/6) D:9
    Orc (0/2) D:10          Sewer (visited)          Bailey (visited)

Altars:
Ashenzari
Cheibriados
Dithmenos
Elyvilon
Fedhas
Gozag
Hepliaklqana
Kikubaaqudgha
Makhleb
Nemelex Xobeh
Okawaru
Qazlal
Ru
Sif Muna
Trog
Uskayaw
Vehumet
Wu Jian
Xom
Yredelemnul
Zin
The Shining One

Shops:
D:8 ?([[[

..▒...▒ ▒▒..▒..▒.....▒▒.▒T.▒.
▒>....▒ +▒▒▒▒.▒▒...▒▒.▒▒▒▒'▒▒
.....▒▒∆ ∆ ▒.▒..▒▒.▒▒▒.....
....▒▒ ▒.....▒▒▒....... ...▒▒
▒▒▒'▒▒▒▒........ ...▒∆
∆▒.▒▒..▒........ ...▒
..▒▒▒▒▒▒.▒..▒........ ...+
▒....{o▒▒.▒▒'........ .▒.▒
▒g.▒.▒▒.......) ▒▒.▒∆∆
∆▒..▒▒(▒........ ▒▒.▒▒
▒▒▒▒'▒▒▒▒....... ▒▒..▒▒
▒▒.......▒▒...... ▒▒▒..▒▒∆
∆▒▒...▒▒.▒..▒▒.....
▒▒▒▒..▒▒▒+▒▒▒.)▒▒▒▒.▒...▒▒▒'▒▒
...[..........▒▒..÷...........
▒▒▒▒.▒▒..▒▒▒▒....▒▒▒▒▒▒▒......
▒....▒▒▒ ▒▒▒▒.▒ ▒▒..


You could see an orc knight (extremely poisoned).


Message History

The orc knight is poisoned.
The orc knight is lightly wounded.
The orc knight hits you with a +0 great sword!!
Unknown command.
You shoot a sling bullet.
The sling bullet completely misses the orc knight.
The orc knight hits you but does no damage.
The orc knight hits you with a +0 great sword!!
* * * LOW HITPOINT WARNING * * *
Unknown command.
You shoot a sling bullet.
The sling bullet hits the orc knight but does no damage.
The orc knight looks as sick as possible!
The orc knight is lightly wounded.
The orc knight hits you with a +0 great sword.
* * * LOW HITPOINT WARNING * * *
Unknown command.
You shoot a sling bullet. The sling bullet hits the orc knight!
The orc knight looks as sick as possible!
The orc knight is moderately wounded.
The orc knight hits you with a +0 great sword!
* * * LOW HITPOINT WARNING * * *
The orc knight hits you with a +0 great sword!
* * * LOW HITPOINT WARNING * * *
You shoot a sling bullet. The sling bullet hits the orc knight!
The orc knight is heavily wounded.
The orc knight hits you with a +0 great sword!
You die...

Action                   |  1- 3 |  4- 6 |  7- 9 | 10-12 || total
-------------------------+-------+-------+-------+-------++-------
Melee: Unarmed           |    87 |    27 |     4 |    57 ||   175
       Punch             |     7 |       |       |     8 ||    15
       Bite              |     7 |     3 |     1 |     9 ||    20
       Hunting sling     |       |       |       |     1 ||     1
 Fire: Hunting sling     |       |    66 |   218 |   437 ||   721
Invok: Bend Time         |       |       |       |     2 ||     2
       Slouch            |       |       |       |     7 ||     7
  Use: Scroll            |       |       |     9 |     7 ||    16
       Potion            |       |       |     1 |     3 ||     4
 Stab: Sleeping          |     7 |     3 |       |       ||    10
Armor: Robe              |     9 |     2 |    10 |     1 ||    22
       Chain mail        |       |       |       |   349 ||   349
Dodge: Dodged            |    57 |    19 |   117 |   367 ||   560

Levels and vault maps discovered:
D:1:      shiori_shiawase, layout_basic, minmay_cut_off
D:2:      minmay_wonky_spiral, layout_basic,
          hellmonk_ecumenical_altar_leap_of_faith
D:3:      layout_basic, glass_columns_a
D:4:      layout_cave_pods, grunt_ministairs_6
D:5:      layout_basic, minmay_temple_entry_water_ring,
          ebering_ghost_disaster_area, portal_sewer_entry_a,
          nicolae_fountain_basement
D:6:      layout_gridville
D:7:      dreamdust_elfheim, layout_gridville
D:8:      layout_rooms, mainiacjoe_overflow_six_doors_small, serial_shops, shop,
          shop, nicolae_take_the_stairs, nicolae_shop_hallway_plus,
          nicolae_shop_overgrown_old_shop, kb_lookout_dungeons_type
D:9:      layout_loops_cross, elyvilon_altar_3, lair_entry_dummy,
          minmay_misc_feat_columns, minmay_radiant
D:10:     minmay_polygon_palace, layout_cave_pools, orc_0_dummy, enter_bailey_5
D:11:     minmay_the_grid_octo_tiled_octocenter [minmay_the_grid_octo_focus,
          minmay_the_grid_octo_empty, minmay_the_grid_octo_clover,
          minmay_the_grid_octo_pinwheel,
          minmay_the_grid_octo_prize_ultimate_mussel_roller,
          minmay_the_grid_square_5x5_bracketed,
          minmay_the_grid_square_5x5_percent, minmay_the_grid_square_5x5_slash,
          minmay_the_grid_square_5x5_bite], layout_rooms, hangedman_misty_isle,
          uniq_amaemon
Temple:   mainiacjoe_temple_big_plus

Notes
Turn   | Place    | Note
-------+----------+-------------------------------------------
     0 | D:1      | sanka the Gnoll Monk began the quest for the Orb.
     0 | D:1      | Reached XP level 1. HP: 23/23 MP: 1/1
   269 | D:2      | Reached XP level 2. HP: 28/29 MP: 2/2
   397 | D:2      | Reached XP level 3. HP: 22/35 MP: 3/3
   683 | D:1      | Reached skill level 1 in Invocations
  1182 | D:1      | Reached skill level 1 in Short Blades
  1182 | D:1      | Reached skill level 1 in Long Blades
  1182 | D:1      | Reached skill level 1 in Axes
  1182 | D:1      | Reached skill level 1 in Maces & Flails
  1182 | D:1      | Reached skill level 1 in Polearms
  1182 | D:1      | Reached skill level 1 in Staves
  1182 | D:1      | Reached skill level 1 in Slings
  1182 | D:1      | Reached skill level 1 in Bows
  1182 | D:1      | Reached skill level 1 in Crossbows
  1182 | D:1      | Reached skill level 1 in Throwing
  1182 | D:1      | Reached skill level 1 in Armour
  1182 | D:1      | Reached skill level 1 in Shields
  1182 | D:1      | Reached skill level 1 in Spellcasting
  1182 | D:1      | Reached skill level 1 in Evocations
  1795 | D:2      | Reached XP level 4. HP: 24/41 MP: 5/5
  2251 | D:2      | Reached skill level 1 in Conjurations
  2251 | D:2      | Reached skill level 1 in Hexes
  2251 | D:2      | Reached skill level 1 in Summonings
  2251 | D:2      | Reached skill level 1 in Necromancy
  2251 | D:2      | Reached skill level 1 in Translocations
  2251 | D:2      | Reached skill level 1 in Transmutations
  2251 | D:2      | Reached skill level 1 in Fire Magic
  2251 | D:2      | Reached skill level 1 in Ice Magic
  2251 | D:2      | Reached skill level 1 in Air Magic
  2251 | D:2      | Reached skill level 1 in Earth Magic
  2251 | D:2      | Reached skill level 1 in Poison Magic
  2264 | D:2      | Identified the +11 hunting sling "Qoeth" {venom, rPois}
  2399 | D:2      | Found a faded altar of an unknown god.
  2594 | D:3      | Reached XP level 5. HP: 47/47 MP: 6/6
  3646 | D:4      | Reached skill level 2 in Invocations
  3646 | D:4      | Reached XP level 6. HP: 53/53 MP: 8/8
  3679 | D:4      | Reached skill level 2 in Short Blades
  3679 | D:4      | Reached skill level 2 in Long Blades
  3679 | D:4      | Reached skill level 2 in Axes
  3679 | D:4      | Reached skill level 2 in Maces & Flails
  3679 | D:4      | Reached skill level 2 in Polearms
  3679 | D:4      | Reached skill level 2 in Staves
  3679 | D:4      | Reached skill level 2 in Slings
  3679 | D:4      | Reached skill level 2 in Bows
  3679 | D:4      | Reached skill level 2 in Crossbows
  3679 | D:4      | Reached skill level 2 in Throwing
  3679 | D:4      | Reached skill level 2 in Armour
  3679 | D:4      | Reached skill level 2 in Shields
  3679 | D:4      | Reached skill level 2 in Spellcasting
  3679 | D:4      | Reached skill level 2 in Evocations
  3997 | D:4      | Reached skill level 7 in Fighting
  3997 | D:4      | Reached skill level 7 in Dodging
  3997 | D:4      | Reached skill level 7 in Unarmed Combat
  3997 | D:4      | Reached XP level 7. HP: 60/60 MP: 10/10
  4341 | D:5      | Entered Level 5 of the Dungeon
  4406 | D:5      | Reached skill level 2 in Conjurations
  4406 | D:5      | Reached skill level 2 in Hexes
  4406 | D:5      | Reached skill level 2 in Summonings
  4406 | D:5      | Reached skill level 2 in Necromancy
  4406 | D:5      | Reached skill level 2 in Translocations
  4406 | D:5      | Reached skill level 2 in Transmutations
  4406 | D:5      | Reached skill level 2 in Fire Magic
  4406 | D:5      | Reached skill level 2 in Ice Magic
  4406 | D:5      | Reached skill level 2 in Air Magic
  4406 | D:5      | Reached skill level 2 in Earth Magic
  4406 | D:5      | Reached skill level 2 in Poison Magic
  4416 | D:5      | Reached skill level 5 in Stealth
  4426 | D:5      | Found a glowing drain.
  4569 | Sewer    | Entered a sewer
  4609 | Sewer    | Reached skill level 3 in Invocations
  4830 | D:5      | Reached XP level 8. HP: 67/67 MP: 12/12
  5002 | D:5      | Found a staircase to the Ecumenical Temple.
  5017 | D:5      | Reached skill level 3 in Short Blades
  5017 | D:5      | Reached skill level 3 in Long Blades
  5017 | D:5      | Reached skill level 3 in Axes
  5017 | D:5      | Reached skill level 3 in Maces & Flails
  5017 | D:5      | Reached skill level 3 in Polearms
  5017 | D:5      | Reached skill level 3 in Staves
  5017 | D:5      | Reached skill level 3 in Slings
  5017 | D:5      | Reached skill level 3 in Bows
  5017 | D:5      | Reached skill level 3 in Crossbows
  5017 | D:5      | Reached skill level 3 in Throwing
  5017 | D:5      | Reached skill level 3 in Armour
  5017 | D:5      | Reached skill level 3 in Shields
  5017 | D:5      | Reached skill level 3 in Spellcasting
  5017 | D:5      | Reached skill level 3 in Evocations
  5019 | Temple   | Entered the Ecumenical Temple
  5437 | Temple   | Became a worshipper of Cheibriados the Contemplative
  5437 | Temple   | Reached * piety under Cheibriados
  5437 | Temple   | Reached ** piety under Cheibriados
  5609 | D:5      | Found a large runed translucent door.
  5609 | D:5      | Found a large runed translucent door.
  5613 | D:5      | Noticed benappo's ghost (novice GnWn)
  5872 | D:5      | Killed benappo's ghost
  6426 | D:4      | Reached skill level 4 in Invocations
  6465 | D:5      | Identified the +1 ring mail of Paran {Harm Str+3 Int+5}
  6651 | D:4      | Reached skill level 3 in Conjurations
  6651 | D:4      | Reached skill level 3 in Hexes
  6651 | D:4      | Reached skill level 3 in Summonings
  6651 | D:4      | Reached skill level 3 in Necromancy
  6651 | D:4      | Reached skill level 3 in Translocations
  6651 | D:4      | Reached skill level 3 in Transmutations
  6651 | D:4      | Reached skill level 3 in Fire Magic
  6651 | D:4      | Reached skill level 3 in Ice Magic
  6651 | D:4      | Reached skill level 3 in Air Magic
  6651 | D:4      | Reached skill level 3 in Earth Magic
  6651 | D:4      | Reached skill level 3 in Poison Magic
  7501 | D:6      | Reached XP level 9. HP: 46/73 MP: 14/14
  7875 | D:6      | Reached skill level 4 in Short Blades
  7875 | D:6      | Reached skill level 4 in Long Blades
  7875 | D:6      | Reached skill level 4 in Axes
  7875 | D:6      | Reached skill level 4 in Maces & Flails
  7875 | D:6      | Reached skill level 4 in Polearms
  7875 | D:6      | Reached skill level 4 in Staves
  7875 | D:6      | Reached skill level 4 in Slings
  7875 | D:6      | Reached skill level 4 in Bows
  7875 | D:6      | Reached skill level 4 in Crossbows
  7875 | D:6      | Reached skill level 4 in Throwing
  7875 | D:6      | Reached skill level 4 in Armour
  7875 | D:6      | Reached skill level 4 in Shields
  7875 | D:6      | Reached skill level 4 in Spellcasting
  7875 | D:6      | Reached skill level 4 in Evocations
  7884 | D:6      | Learned a level 2 spell: Blink
  7888 | D:6      | Learned a level 3 spell: Mephitic Cloud
  8041 | D:6      | Reached *** piety under Cheibriados
  8060 | D:6      | Reached skill level 6 in Stealth
  8644 | D:7      | Noticed Duvessa
  8644 | D:7      | Noticed Dowan
  8651 | D:7      | Killed Duvessa
  8655 | D:7      | Killed Dowan
  8929 | D:7      | Reached **** piety under Cheibriados
  8996 | D:7      | Reached skill level 8 in Fighting
  8996 | D:7      | Reached skill level 8 in Dodging
  8996 | D:7      | Reached skill level 8 in Unarmed Combat
  9109 | D:7      | Reached skill level 5 in Invocations
  9127 | D:7      | Reached skill level 4 in Conjurations
  9127 | D:7      | Reached skill level 4 in Hexes
  9127 | D:7      | Reached skill level 4 in Summonings
  9127 | D:7      | Reached skill level 4 in Necromancy
  9127 | D:7      | Reached skill level 4 in Translocations
  9127 | D:7      | Reached skill level 4 in Transmutations
  9127 | D:7      | Reached skill level 4 in Fire Magic
  9127 | D:7      | Reached skill level 4 in Ice Magic
  9127 | D:7      | Reached skill level 4 in Air Magic
  9127 | D:7      | Reached skill level 4 in Earth Magic
  9127 | D:7      | Reached skill level 4 in Poison Magic
  9127 | D:7      | Reached XP level 10. HP: 13/80 MP: 17/17
  9610 | D:8      | Reached skill level 5 in Short Blades
  9610 | D:8      | Reached skill level 5 in Long Blades
  9610 | D:8      | Reached skill level 5 in Axes
  9610 | D:8      | Reached skill level 5 in Maces & Flails
  9610 | D:8      | Reached skill level 5 in Polearms
  9610 | D:8      | Reached skill level 5 in Staves
  9610 | D:8      | Reached skill level 5 in Slings
  9610 | D:8      | Reached skill level 5 in Bows
  9610 | D:8      | Reached skill level 5 in Crossbows
  9610 | D:8      | Reached skill level 5 in Throwing
  9610 | D:8      | Reached skill level 5 in Armour
  9610 | D:8      | Reached skill level 5 in Shields
  9610 | D:8      | Reached skill level 5 in Spellcasting
  9610 | D:8      | Reached skill level 5 in Evocations
  9633 | D:8      | Found Hinge's Antique Armour Boutique.
  9639 | D:8      | Bought a glowing cloak for 180 gold pieces
  9654 | D:8      | Found Nytairig's Antique Armour Emporium.
  9737 | D:8      | Found Kuirgh Refo's Antique Armour Shoppe.
  9797 | D:8      | Found a shimmering blue altar of Sif Muna.
 10165 | D:8      | Found Turajer's Weapon Shoppe.
 10286 | D:8      | Found Axakus's Magic Scroll Shop.
 10557 | D:9      | Found a white marble altar of Elyvilon.
 10799 | D:8      | Bought a smoking chain mail for 218 gold pieces
 10799 | D:8      | Identified the +11 chain mail of the Unseen Realm {rElec
                  | Dex+4} (You bought it in a shop on level 8 of the Dungeon)
 10842 | D:9      | Reached ***** piety under Cheibriados
 10891 | D:9      | Noticed a two-headed ogre
 10898 | D:9      | Killed a two-headed ogre
 10899 | D:9      | Reached skill level 6 in Invocations
 10947 | D:9      | Reached skill level 7 in Stealth
 10993 | D:9      | Identified the +5 mace of Causality {flame, Int+4}
 11026 | D:9      | HP: 7/82 [vampire/vampiric draining (9)]
 11392 | D:9      | Identified the +0 pair of gloves of the Apprentice {rPois}
 11629 | D:9      | Reached XP level 11. HP: 68/87 MP: 19/19
 11643 | D:9      | Reached skill level 9 in Fighting
 11643 | D:9      | Reached skill level 9 in Dodging
 11643 | D:9      | Reached skill level 9 in Unarmed Combat
 11799 | D:9      | Found a staircase to the Lair.
 12146 | D:10     | Entered Level 10 of the Dungeon
 12166 | D:10     | Reached skill level 6 in Short Blades
 12166 | D:10     | Reached skill level 6 in Long Blades
 12166 | D:10     | Reached skill level 6 in Axes
 12166 | D:10     | Reached skill level 6 in Maces & Flails
 12166 | D:10     | Reached skill level 6 in Polearms
 12166 | D:10     | Reached skill level 6 in Staves
 12166 | D:10     | Reached skill level 6 in Slings
 12166 | D:10     | Reached skill level 6 in Bows
 12166 | D:10     | Reached skill level 6 in Crossbows
 12166 | D:10     | Reached skill level 6 in Throwing
 12166 | D:10     | Reached skill level 6 in Armour
 12166 | D:10     | Reached skill level 6 in Shields
 12166 | D:10     | Reached skill level 6 in Spellcasting
 12166 | D:10     | Reached skill level 6 in Evocations
 12185 | D:10     | Reached skill level 5 in Conjurations
 12185 | D:10     | Reached skill level 5 in Hexes
 12185 | D:10     | Reached skill level 5 in Summonings
 12185 | D:10     | Reached skill level 5 in Necromancy
 12185 | D:10     | Reached skill level 5 in Translocations
 12185 | D:10     | Reached skill level 5 in Transmutations
 12185 | D:10     | Reached skill level 5 in Fire Magic
 12185 | D:10     | Reached skill level 5 in Ice Magic
 12185 | D:10     | Reached skill level 5 in Air Magic
 12185 | D:10     | Reached skill level 5 in Earth Magic
 12185 | D:10     | Reached skill level 5 in Poison Magic
 12237 | D:10     | Found a flagged portal.
 12330 | Bailey   | Entered a bailey
 12439 | Bailey   | Identified a +0 crystal plate armour
 12439 | Bailey   | Noticed an orc knight
 12455 | Bailey   | Killed an orc knight
 12778 | D:10     | Found a staircase to the Orcish Mines.
 12803 | D:10     | Reached ****** piety under Cheibriados
 12804 | D:10     | Reached skill level 7 in Invocations
 13374 | D:8      | Bought a pair of boots for 157 gold pieces
 13440 | D:11     | Noticed a brown ugly thing
 13454 | D:11     | Killed a brown ugly thing
 13575 | D:11     | Reached skill level 8 in Stealth
 13591 | D:11     | Noticed a manticore
 13597 | D:11     | Killed a manticore
 13643 | D:11     | Noticed an ogre mage
 13649 | D:11     | Reached XP level 12. HP: 61/96 MP: 22/22
 13658 | D:11     | Identified the +9 long sword "Fifol" {freeze, rF++ Str-4}
 13658 | D:11     | Noticed a centaur warrior
 13659 | D:11     | Killed an ogre mage
 13673 | D:11     | Reached skill level 7 in Short Blades
 13673 | D:11     | Reached skill level 7 in Long Blades
 13673 | D:11     | Reached skill level 7 in Axes
 13673 | D:11     | Reached skill level 7 in Maces & Flails
 13673 | D:11     | Reached skill level 7 in Polearms
 13673 | D:11     | Reached skill level 7 in Staves
 13673 | D:11     | Reached skill level 7 in Slings
 13673 | D:11     | Reached skill level 7 in Bows
 13673 | D:11     | Reached skill level 7 in Crossbows
 13673 | D:11     | Reached skill level 7 in Throwing
 13673 | D:11     | Reached skill level 7 in Armour
 13673 | D:11     | Reached skill level 7 in Shields
 13673 | D:11     | Reached skill level 7 in Spellcasting
 13673 | D:11     | Reached skill level 7 in Evocations
 13679 | D:11     | Killed a centaur warrior
 14011 | D:11     | Noticed Amaemon
 14054 | D:11     | Reached skill level 6 in Conjurations
 14054 | D:11     | Reached skill level 6 in Hexes
 14054 | D:11     | Reached skill level 6 in Summonings
 14054 | D:11     | Reached skill level 6 in Necromancy
 14054 | D:11     | Reached skill level 6 in Translocations
 14054 | D:11     | Reached skill level 6 in Transmutations
 14054 | D:11     | Reached skill level 6 in Fire Magic
 14054 | D:11     | Reached skill level 6 in Ice Magic
 14054 | D:11     | Reached skill level 6 in Air Magic
 14054 | D:11     | Reached skill level 6 in Earth Magic
 14054 | D:11     | Reached skill level 6 in Poison Magic
 14340 | D:11     | Killed Amaemon
 14341 | D:11     | Reached skill level 8 in Invocations
 14761 | D:11     | Reached skill level 10 in Fighting
 14761 | D:11     | Reached skill level 10 in Dodging
 14761 | D:11     | Reached skill level 10 in Unarmed Combat
 14993 | D:11     | Slain by an orc knight

Vanquished Creatures
  A centaur warrior (D:11)
  A two-headed ogre (D:9)
  Amaemon (D:11)
  2 orc knights
  2 ugly things (D:11)
  3 manticores (D:11)
  A cyclops (D:11)
  The ghost of benappo the Magician, a novice GnWn (D:5)
  An orange demon (D:11)
  A gargoyle (D:10)
  A kobold demonologist (D:11)
  2 unseen horrors
  2 komodo dragons (D:11)
  2 hornets (D:10)
  5 trolls
  2 wraiths
  A wyvern (D:7)
  A vampire (D:9)
  4 shadows (D:11)
  19 yaks
  4 steam dragons
  3 vampire mosquitoes
  2 acid dragons (D:11)
  Duvessa (D:7)
  4 water moccasins
  9 orc warriors
  4 sky beasts
  3 ogres
  3 black bears
  3 centaurs
  A phantom (D:6)
  3 necrophages
  4 bullfrogs
  A gnoll sergeant (D:10)
  11 wights
  Dowan (D:7)
  10 killer bees
  A howler monkey (D:10)
  5 hounds
  6 orc priests
  A jelly (D:7)
  6 iguanas
  11 orc wizards
  5 gnolls (D:10)
  11 adders
  2 white imps
  An ufetubus (D:5)
  2 worms (D:2)
  4 dart slugs
  61 orcs
  6 ball pythons
  7 bats
  12 endoplasms
  3 giant cockroaches
  8 goblins
  5 hobgoblins
  8 jackals
  3 quokkas
  7 frilled lizards
  5 kobolds
  10 rats
  A bush (D:8)
311 creatures vanquished.

Vanquished Creatures (others)
  An ogre mage (D:11)
  2 plants (D:8)
3 creatures vanquished.

Grand Total: 314 creatures vanquished
